 Dungeon Crawl Stone Soup version 0.27-a0-1434-g6f15984924 (webtiles) character file.

Game seed: 8893148380984078010

266 nyamberluvr69 the Slasher (level 6, -9/33 HPs)
             Began as a Spriggan Fighter on July 3, 2021.
             Blown up by Ijyb (10 damage)
             ... with a mindburst bolt
             ... on level 3 of the Dungeon.
             The game lasted 00:05:58 (3547 turns).

nyamberluvr69 the Slasher (Spriggan Fighter)        Turns: 3547, Time: 00:05:58

Health: -9/33      AC:  2    Str: 12    XL:     6   Next: 0%
Magic:  7/7        EV: 18    Int:  9    God:
Gold:   134        SH:  6    Dex: 17    Spells: 5/5 levels left

rFire    . . .     SeeInvis +   a - +0 long sword
rCold    . . .     Faith    .   c - +0 buckler
rNeg     . . .     Spirit   .   b - +0 robe
rPois    .         Reflect  .   (helmet restricted)
rElec    .         Harm     .   (no cloak)
rCorr    .         Rampage  .   (gloves unavailable)
Will     +....                  (boots unavailable)
Stlth    ++........             (no amulet)
HPRegen  0.11/turn              (no ring)
MPRegen  0.10/turn              (no ring)

@: very quick
A: very small, no large weapons, unfitting armour, see invisible, speed 3
a: no special abilities


You were on level 3 of the Dungeon.
You visited 1 branch of the dungeon, and saw 3 of its levels.

You collected 134 gold pieces.

Inventory:

Hand Weapons
 a - a +0 long sword (weapon)
 f - a +1 short sword of draining
 k - a +2 dagger of speed
Armour
 b - a +0 robe (worn)
 c - a +0 buckler (worn)
Scrolls
 d - a scroll of enchant armour {unknown}
 e - a scroll of acquirement {unknown}
 i - a scroll of teleportation {unknown}
Potions
 g - a potion of magic {unknown}
 h - a potion of heal wounds {unknown}
 j - a potion of mutation {unknown}
 l - a potion of flight {unknown}


   Skills:
 + Level 3.7 Fighting
 * Level 4.3 Long Blades
 - Level 4.0 Dodging
 - Level 2.1 Shields


You had 5 spell levels left.
You didn't know any spells.
Your spell library contained the following spells:

 Spells                   Type           Power      Damage    Failure   Level
 Magic Dart               Conj           0%         1d3       50%         1
 Passwall                 Tmut/Erth      0%         N/A       65%         2
 Poisonous Vapours        Pois/Air       0%         N/A       65%         2
 Searing Ray              Conj           0%         3d3       65%         2
 Mephitic Cloud           Conj/Pois/Air  0%         N/A       86%         3
 Swiftness                Air            0%         N/A       86%         3
 Fulminant Prism          Conj/Hex       0%         3d6       99%         4
 Freezing Cloud           Conj/Ice/Air   0%         6-21      100%        5
 Invisibility             Hex            0%         N/A       100%        6


Dungeon Overview and Level Annotations

Branches:
Dungeon (3/15)

Altars:

Annotations:
D:3 Ijyb


Innate Abilities, Weirdness & Mutations

You are very small and have problems with some larger weapons.
You are too small for most types of armour.
You have supernaturally acute eyesight. (SInv)
You cover ground extremely quickly. (Speed+++)


Message History

You barely miss the ball python. You block the ball python's attack.
The ball python closely misses you.
You completely miss the ball python. You block the ball python's attack.
The ball python closely misses you.
You hit the ball python but do no damage.
You block the ball python's attack. The ball python completely misses you.
The ball python closely misses you. The ball python completely misses you.
You barely miss the ball python. The ball python closely misses you.
You block the ball python's attack.
You hit the ball python.
You kill the ball python!
No target in view!
No target in view!
You now have 126 gold pieces (gained 8).
You now have 134 gold pieces (gained 8).
You pick up a book of Burglary and begin reading...
You add the spells Passwall, Swiftness and Invisibility to your library.
Found a dagger.
A bat comes into view.
A bat is nearby!
The bat completely misses you.
You riposte.
You completely miss the bat. You slash the bat!
You kill the bat!
You have reached level 6!
Your experience leads to an increase in your attributes!
Increase (S)trength, (I)ntelligence, or (D)exterity?
You feel agile.
Ijyb the Twisted Goblin comes into view.
She is wielding a +1 dagger of holy wrath and carrying a wand of mindburst (12).
Unknown command.
Unknown command.
Unknown command.
Ijyb shouts!
You hear a shout!
A bat comes into view.
A quokka comes into view.
The bat moves out of view.
Ijyb zaps a wand.
Your mind is blasted!
Ouch! That really hurt!
* * * LOW HITPOINT WARNING * * *
A kobold comes into view. It is wielding a +0 whip.
You closely miss Ijyb.
Ijyb zaps a wand.
Your mind is blasted!
You die...

########.#
...†..##.#
#####.##.# #
##.##.# # #..##.#
####.###.###
...........#
.###.###.#.########
.# #.# #........@g#
.# #.# #########..#
.. ..# #..# .# ###
#b.# .# #.K# .#
.... #r.## #..#


You could see Ijyb, a quokka, a bat and a kobold.

Vanquished Creatures
  A jelly (D:2)
  An orc priest (D:2)
  Jessica (D:2)
  Natasha (thrice) (D:2)
  4 adders
  2 worms
  4 orcs
  7 bats
  3 endoplasms
  A giant cockroach (D:1)
  7 goblins
  6 hobgoblins
  2 jackals (D:2)
  5 kobolds
  3 quokkas
  5 ball pythons
  3 frilled lizards
  5 rats
63 creatures vanquished.

Notes
Turn   | Place    | Note
-------+----------+-------------------------------------------
     0 | D:1      | nyamberluvr69 the Spriggan Fighter began the quest for the
                  | Orb.
     0 | D:1      | Reached XP level 1. HP: 11/11 MP: 2/2
   221 | D:1      | Reached XP level 2. HP: 16/16 MP: 3/3
   699 | D:2      | Reached XP level 3. HP: 7/19 MP: 4/4
   916 | D:2      | Found a faded altar of an unknown god.
  1066 | D:2      | Noticed Jessica
  1080 | D:2      | Killed Jessica
  1081 | D:2      | Reached XP level 4. HP: 18/24 MP: 5/5
  1587 | D:2      | Noticed Natasha
  1617 | D:2      | Killed Natasha
  1618 | D:2      | Reached XP level 5. HP: 10/28 MP: 6/6
  2095 | D:2      | Noticed Natasha
  2102 | D:2      | Killed Natasha
  3163 | D:2      | Noticed Natasha
  3197 | D:2      | Killed Natasha
  3529 | D:3      | Reached XP level 6. HP: 33/33 MP: 7/7
  3540 | D:3      | Noticed Ijyb
  3546 | D:3      | HP: 1/33 [disintegration (32)]
  3547 | D:3      | Blown up by Ijyb

Illustrated notes

Levels and vault maps discovered:
D:1:      lemuel_arrival_river_ford, layout_rooms
D:2:      layout_loops_cross, basic_ecumenical_altar, serial_rivers,
          chequers_serial_rivers_small_3, chequers_serial_rivers_marsh,
          chequers_serial_rivers_small_a, chequers_serial_rivers_marsh,
          chequers_serial_rivers_large_a, chequers_serial_rivers_marsh,
          minmay_misc_feat_alley, uniq_jessica, uniq_natasha
D:3:      layout_loops_ring, grunt_ministairs_1, uniq_ijyb

Skill      XL: |  1  2  3  4  5 |
---------------+----------------+-----
Long Blades    | 2 3 4 |  4.3
Fighting       | 3 |  3.7
Dodging        | |  4.0
Shields        | |  2.1

Action                   |  1- 3 |  4- 6 || total
-------------------------+-------+-------++-------
Melee: Long sword        |    75 |    94 ||   169
       Short sword       |       |     8 ||     8
  Use: Potion            |       |     1 ||     1
 Stab: Sleeping          |       |     4 ||     4
Armor: Robe              |     3 |     4 ||     7
Dodge: Dodged            |    73 |    65 ||   138
Block: Buckler           |    29 |    27 ||    56
       Rpst.: Long sword |    20 |    16 ||    36

Table legend: (Time is in decaauts)
 A = Elapsed time spent in this place.
 B = Non-inter-level travel time spent in this place.
 C = Inter-level travel time spent in this place.
 D = Time resting spent in this place.
 E = Time spent auto-exploring this place.
 F = Levels seen in this place.
 G = Mean time per level.
                   A        B        C        D        E       F      G
               +--------+--------+--------+--------+--------+-----+--------+
         Total |   3050 |   3020 |     30 |   1470 |   1116 |   3 | 1016.7 |
       Dungeon |   3050 |   3020 |     30 |   1470 |   1116 |   3 | 1016.7 |
               +--------+--------+--------+--------+--------+-----+--------+

Top non-repeatable levels by time:
     D:2: 2048 daAuts
     D:1: 566 daAuts
     D:3: 436 daAuts
